 Dungeon Crawl Stone Soup version 0.27.1-4-g1640c2035a (webtiles) character file.

Game seed: 12861230599227016283

55 tizbic2 the Insei (level 3, 0/34 HPs)
             Began as an Octopode Transmuter on Nov 14, 2021.
             Slain by a phantom (4 damage)
             ... on level 1 of the Dungeon.
             The game lasted 00:09:22 (2028 turns).

tizbic2 the Insei (Octopode Transmuter)             Turns: 2028, Time: 00:09:23

Health: 0/34       AC:  1    Str:  9    XL:     3   Next: 93%
Magic:  6/6        EV: 13    Int: 15    God:
Gold:   74         SH:  0    Dex: 13    Spells: 2/6 levels left

rFire    . . .     SeeInvis .   e - +3 dagger
rCold    . . .     Faith    .   (no shield)
rNeg     . . .     Spirit   .   (helmet restricted)
rPois    .         Reflect  .   (no amulet)
rElec    .         Harm     .   (no ring)
rCorr    .         Rampage  .   (no ring)
Will     .....                  (no ring)
Stlth    ..........             (no ring)
HPRegen  0.11/turn              (no ring)
MPRegen  0.10/turn              (no ring)
                                (no ring)
                                (no ring)

@: berserking, very quick
A: almost no armour, amphibious, 8 rings, camouflage 1, gelatinous body 1,
(nimble swimmer 1), tentacles
a: no special abilities


You were on level 1 of the Dungeon.
You visited 1 branch of the dungeon, and saw 2 of its levels.

You collected 74 gold pieces.

Inventory:

Hand Weapons
 e - a +3 dagger (weapon)
 f - a +0 scimitar
 w - a +0 long sword
Missiles
 c - 6 javelins (quivered)
Jewellery
 h - an amulet of faith
Scrolls
 b - 2 scrolls of fear
Potions
 d - a potion of haste {unknown}
 g - 2 potions of flight {unknown}


   Skills:
 + Level 1.0 Fighting
 * Level 2.5 Dodging
 + Level 2.0 Stealth
 * Level 3.6 Unarmed Combat
 + Level 2.3 Spellcasting
 + Level 2.3 Transmutations


You had 2 spell levels left.
You knew the following spells:

 Your Spells              Type           Power      Damage    Failure   Level
a - Beastly Appendage     Tmut           16%        N/A       9%          1
b - Spider Form           Tmut/Pois      2%         N/A       38%         3

Your spell library contained the following spells:

 Spells                   Type           Power      Damage    Failure   Level
 Wereblood                Tmut           8%         N/A       13%         2
 Ice Form                 Ice/Tmut       5%         N/A       80%         4


Dungeon Overview and Level Annotations

Branches:
Dungeon (2/15)

Altars:


Innate Abilities, Weirdness & Mutations

You cannot wear most types of armour.
You are amphibious.
You can wear up to eight rings at the same time.
Your skin changes colour to match your surroundings (Stealth+).
Your rubbery body absorbs attacks. (AC +1, EV +1)
((You are camouflaged near water. (Stealth+)))
You have tentacles for arms and can constrict up to eight enemies at once.


Message History

The phantom hits you.
You climb upwards.
There is a stone staircase leading down here.
You hit the phantom.
The phantom is lightly damaged.
The phantom hits you.
The phantom blinks!
You blink.
You miss the phantom. Your squeeze misses the phantom.
The phantom is lightly damaged.
The phantom hits you.
The phantom blinks!
You blink.
You hit the phantom.
The phantom is lightly damaged.
The phantom hits you!
The phantom blinks!
You blink.
You closely miss the phantom.
The phantom is lightly damaged.
The phantom closely misses you.
A red film seems to cover your vision as you go berserk!
You feel yourself moving faster!
You feel mighty! The phantom closely misses you.
You barely miss the phantom.
The phantom is lightly damaged.
The phantom hits you.
* * * LOW HITPOINT WARNING * * *
You hit the phantom. You squeeze the phantom!
The phantom is heavily damaged.
You closely miss the phantom.
The phantom is heavily damaged.
The phantom closely misses you.
You hit the phantom.
The phantom is severely damaged.
The phantom hits you.
* * * LOW HITPOINT WARNING * * *
You closely miss the phantom.
The phantom is severely damaged.
You hit the phantom.
The phantom is almost destroyed.
The phantom misses you.
You completely miss the phantom. Your squeeze misses the phantom.
The phantom is almost destroyed.
The phantom hits you.
You die...

######## #W@....# #......#
###############......#######
.............>.....>.'.....#
###.....##.##........#####.#
#.....##.##........# #.#
###.....##.##...##########.#
........##.##...# #.....#
........##.##...######.#####


You could see a phantom.

Vanquished Creatures
  An adder (D:2)
  A dart slug (D:1)
  2 bats (D:1)
  2 endoplasms
  5 giant cockroaches (D:1)
  6 hobgoblins
  4 ball pythons
  2 frilled lizards (D:2)
  8 goblins
  4 kobolds
  5 rats (D:1)
40 creatures vanquished.

Notes
Turn   | Place    | Note
-------+----------+-------------------------------------------
     0 | D:1      | tizbic2 the Octopode Transmuter began the quest for the
                  | Orb.
     0 | D:1      | Reached XP level 1. HP: 13/13 MP: 3/3
   364 | D:1      | Reached XP level 2. HP: 18/18 MP: 3/5
   694 | D:1      | Reached skill level 1 in Stealth
   765 | D:1      | Reached XP level 3. HP: 16/23 MP: 3/6
  1594 | D:1      | Learned a level 3 spell: Spider Form
  2010 | D:2      | Noticed a phantom
  2028 | D:1      | Slain by a phantom

Illustrated notes

Levels and vault maps discovered:
D:1:      lemuel_arrival_room, layout_basic, minmay_split_cup_small
D:2:      layout_rooms, basic_ecumenical_altar, nrook_mini_backslash

Skill      XL: |  1  2  3 |
---------------+----------+-----
Stealth        | 1 2 |  2.0
Fighting       | |  1.0
Dodging        | |  2.5
Unarmed Combat | |  3.6
Spellcasting   | |  2.3
Transmutations | |  2.3

Action                   || total
-------------------------++-------
Melee: Unarmed           ||    43
       Constrict         ||    20
       Kick              ||    21
       Tentacles         ||    13
       Punch             ||     1
       Dagger            ||    48
       Scimitar          ||     2
 Cast: Beastly Appendage ||    22
       Spider Form       ||     1
  Use: Scroll            ||     2
       Potion            ||     1
 Stab: Sleeping          ||    13
Armor: Skin              ||     5
Dodge: Dodged            ||    62
